 Dungeon Crawl Stone Soup version 0.22-a0-515-g75794bf (webtiles) character file.

22071 Ecrof the Brawler (level 12, -17/139 HPs)
             Began as a Troll Berserker on June 19, 2018.
             Was a High Priest of Trog.
             Demolished by an orc knight
             ... wielding a +0 glaive
              (25 damage)
             ... on level 2 of the Orcish Mines.
             The game lasted 00:58:37 (12978 turns).

Ecrof the Brawler (Troll Berserker)                Turns: 12978, Time: 00:58:37

Health: -17/139    AC:  8    Str: 32    XL:     12   Next: 59%
Magic:  11/11      EV: 10    Int:  3    God:    Trog [*****.]
Gold:   1715       SH:  0    Dex: 12    Spells: 11/11 levels left

rFire    . . .     SeeInvis .     - Unarmed
rCold    . . .     Gourm    +   (no shield)
rNeg     . . .     Faith    .   a - +2 animal skin
rPois    .         Spirit   .   (helmet restricted)
rElec    .         Reflect  .   s - +0 cloak
rCorr    +         Harm     .   (gloves unavailable)
MR       .....                  (boots unavailable)
Stlth    ++........             k - amulet of the acrobat
HPRegen  0.73/turn              n - ring of resist corrosion
MPRegen  0.12/turn              t - +3 ring of dexterity

@: no status effects
A: large, unfitting armour, claws 3, talons 1, fast metabolism 3, gourmand,
regeneration 1, robust 1, shaggy fur 1, tough skin 2, wild magic 1, sturdy frame
1
a: Berserk, Trog's Hand, Brothers in Arms, Renounce Religion


You were on level 2 of the Orcish Mines.
You worshipped Trog.
Trog was extremely pleased with you.
You were very full.

You visited 3 branches of the dungeon, and saw 15 of its levels.

You collected 1715 gold pieces.

Inventory:

Missiles
 g - 175 stones (quivered)
Armour
 a - a +2 animal skin (worn)
 s - a +0 cloak (worn)
Jewellery
 k - an amulet of the acrobat (around neck)
 n - a ring of resist corrosion (left claw)
 t - a +3 ring of dexterity (right claw)
 v - an uncursed ring of poison resistance
Wands
 d - a wand of random effects (6)
 m - a wand of paralysis (10)
 o - a wand of digging (29)
 r - a wand of acid (11)
 x - a wand of polymorph (17)
Scrolls
 h - a scroll of summoning
 i - 5 scrolls of remove curse
 j - 3 scrolls of enchant weapon
 p - 4 scrolls of teleportation
 q - 3 scrolls of identify
Potions
 c - a potion of invisibility
 e - 2 potions of agility
 f - 5 potions of curing
 u - a potion of might
 w - 2 potions of haste
 A - a potion of resistance
 B - a potion of lignification
Comestibles
 b - 23 rations
 l - 26 chunks of flesh


   Skills:
 * Level 10.4 Fighting
 - Level 3.2 Throwing
 - Level 2.4 Dodging
 - Level 1.3 Stealth
 + Level 16.2 Unarmed Combat
 - Level 0.4 Evocations


You had 11 spell levels left.
You didn't know any spells.
Your spell library was empty.

Dungeon Overview and Level Annotations

Branches:
Dungeon (12/15)            Temple (1/1) D:7            Lair (0/6) D:11
    Orc (2/2) D:12            Elf (0/3) Orc:2

Altars:
Ashenzari
Cheibriados
Dithmenos
Elyvilon
Fedhas
Gozag
Hepliaklqana
Kikubaaqudgha
Makhleb
Nemelex Xobeh
Okawaru
Qazlal
Ru
Sif Muna
Trog
Uskayaw
Vehumet
Wu Jian
Xom
Yredelemnul
Zin
The Shining One

Shops:
D:5 %


Innate Abilities, Weirdness & Mutations

You are too large for most types of armour.
You have claws for hands.
Your metabolism is lightning-fast.
You like to eat raw meat.
Your natural rate of healing is unusually fast.
You are covered in fur. (AC +1)
You have very tough skin. (AC +2)
You have sharp toenails.
You are robust. (+10% HP)
Your spells are a little harder to cast, but a little more powerful.
Your movements are slightly less encumbered by armour. (ER -2)


Message History

You claw the orc knight! Your kick misses the orc knight.
The orc knight is lightly wounded.
You barely miss the orc knight.
You claw the orc knight, but do no damage.
The orc knight is lightly wounded.
The orc knight barely misses you.
You mangle the orc knight!!
You claw the orc knight, but do no damage.
Your claw misses the orc knight.
The orc knight is heavily wounded.
The orc knight hits you with a glaive!!
* * * LOW HITPOINT WARNING * * *
You closely miss the orc knight.
You claw the orc knight, but do no damage.
You claw the orc knight.
The orc knight is heavily wounded.
You claw the orc knight! Your kick misses the orc knight.
The orc knight is severely wounded.
The orc knight hits you with a glaive!!
You die...

...#... ....... ####
...#o.. #..## #..(...
#...# #..#.o. #... #...(.
#..## ####..(#######...#
.. .......o@.$..#...# ..
........)....#.).# ....
........[)).)))..#
...#.............)))....##
..................)[)....#
..................)).....#
...................).....#
........................##
.........................#


You could see an orc knight.

Vanquished Creatures
  An orc warlord (Orc:1)
  A hydra (D:11)
  A two-headed ogre (D:8)
  Nergalle (D:11)
  An unseen horror (D:9)
  Pikel (D:4)
  2 orc knights (Orc:2)
  An ugly thing (D:11)
  An elephant (D:11)
  3 manticores
  Maurice (D:11)
  A gargoyle (D:10)
  4 trolls
  3 slime creatures (D:12)
  3 hippogriffs
  4 yaks (D:11)
  A basilisk (D:11)
  2 hungry ghosts
  4 vampire mosquitoes (D:12)
  A warg (Orc:2)
  A water moccasin (D:10)
  23 orc warriors
  An eye of draining (D:11)
  4 sky beasts
  5 ice beasts
  A slave (D:4)
  A necrophage (D:11)
  A black bear (D:9)
  8 ogres
  3 phantoms
  16 centaurs
  A big kobold (D:7)
  2 crocodiles
  8 bullfrogs
  A wyvern zombie (D:8)
  A water moccasin zombie (D:11)
  3 scorpions
  4 killer bees (D:10)
  4 howler monkeys
  5 crimson imps
  A bullfrog zombie (D:7)
  2 centaur zombies
  7 hounds
  3 jellies
  29 orc priests
  22 orc wizards
  An iguana (D:10)
  10 worker ants
  A hound skeleton (D:9)
  4 gnolls (D:10)
  8 adders
  2 shadow imps
  3 oozes
  2 adder zombies
  An adder skeleton (D:6)
  3 worms
  4 dart slugs
  5 leopard geckos
  91 orcs
  8 giant cockroaches
  9 goblins
  6 hobgoblins
  4 jackals (D:5)
  18 kobolds
  5 quokkas
  4 ball pythons
  7 bats
  8 frilled lizards
  A jackal skeleton (D:8)
  A jackal zombie (D:6)
  2 leopard gecko zombies
  A quokka skeleton (D:8)
  A quokka zombie (D:8)
  9 rats
413 creatures vanquished.

Vanquished Creatures (collateral kills)
  The ghost of Vuytyitt the Bludgeoner, a journeyman GrFi of Okawaru (Orc:1)
  The ghost of Osujuz the Thaumaturge, a journeyman DECj of Vehumet (Orc:1)
  An orc high priest (Orc:2)
  5 orc warriors
  3 orc priests
  2 orc wizards (D:12)
  9 orcs
22 creatures vanquished.

Vanquished Creatures (others)
  2 slaves (D:4)
  3 plants (D:11)
5 creatures vanquished.

Grand Total: 440 creatures vanquished

Notes
Turn   | Place    | Note
-------+----------+-------------------------------------------
     0 | D:1      | Ecrof the Troll Berserker began the quest for the Orb.
     0 | D:1      | Reached XP level 1. HP: 22/22 MP: 0/0
   175 | D:1      | Reached XP level 2. HP: 28/29 MP: 1/1
   319 | D:1      | Reached skill level 4 in Unarmed Combat
   478 | D:1      | Reached ** piety under Trog
   480 | D:1      | Reached XP level 3. HP: 31/36 MP: 2/2
   875 | D:2      | Gained mutation: Your flesh is cold resistant. (rC+) [potion of mutation]
   875 | D:2      | Gained mutation: You have a pair of small horns on your head. [potion of mutation]
  1017 | D:2      | Found a burning altar of Makhleb.
  1037 | D:2      | Reached skill level 1 in Throwing
  1287 | D:2      | Lost mutation: You have a pair of small horns on your head. [potion of mutation]
  1287 | D:2      | Lost mutation: Your flesh is cold resistant. (rC+) [potion of mutation]
  1287 | D:2      | Gained mutation: You have a pair of small horns on your head. [potion of mutation]
  1287 | D:2      | Gained mutation: You are surrounded by a mild repulsion field. (EV +2) [potion of mutation]
  1302 | D:2      | Reached XP level 4. HP: 44/44 MP: 3/3
  1337 | D:3      | Reached skill level 5 in Unarmed Combat
  1639 | D:3      | Reached XP level 5. HP: 50/50 MP: 4/4
  1774 | D:3      | Reached *** piety under Trog
  1972 | D:3      | Reached skill level 6 in Unarmed Combat
  1972 | D:3      | Reached XP level 6. HP: 12/59 MP: 5/5
  2869 | D:4      | Noticed a slave
  2896 | D:4      | Killed a slave
  2899 | D:4      | Reached skill level 7 in Unarmed Combat
  2899 | D:4      | Reached XP level 7. HP: 66/66 MP: 6/6
  3072 | D:4      | Noticed Pikel
  3083 | D:4      | Killed Pikel
  3083 | D:4      | Reached skill level 1 in Stealth
  3083 | D:4      | Reached skill level 8 in Unarmed Combat
  3083 | D:4      | Reached XP level 8. HP: 69/74 MP: 7/7
  3482 | D:4      | Reached skill level 9 in Unarmed Combat
  4051 | D:5      | Entered Level 5 of the Dungeon
  4230 | D:5      | Found a shimmering altar of Xom.
  4276 | D:5      | Reached **** piety under Trog
  4320 | D:5      | Reached skill level 10 in Unarmed Combat
  4391 | D:5      | Found Oteafipn's Food Boutique.
  4535 | D:5      | Found an ancient bone altar of Kikubaaqudgha.
  4535 | D:5      | Found a hide-covered altar of Uskayaw.
  4552 | D:5      | Found a glowing silver altar of Zin.
  5218 | D:6      | Reached skill level 11 in Unarmed Combat
  5519 | D:6      | Reached XP level 9. HP: 70/80 MP: 8/8
  6331 | D:7      | Found a staircase to the Ecumenical Temple.
  6357 | Temple   | Entered the Ecumenical Temple
  6643 | D:8      | Noticed a troll
  6648 | D:8      | Killed a troll
  6709 | D:8      | Reached skill level 12 in Unarmed Combat
  6872 | D:8      | Noticed a two-headed ogre
  6877 | D:8      | Killed a two-headed ogre
  6877 | D:8      | Reached skill level 13 in Unarmed Combat
  7625 | D:9      | Lost intelligence.
  7688 | D:9      | Lost intelligence.
  7744 | D:9      | Reached XP level 10. HP: 88/88 MP: 9/9
  7782 | D:9      | Killed an unseen horror
  7782 | D:9      | Reached skill level 14 in Unarmed Combat
  7910 | D:9      | Reached ***** piety under Trog
  8298 | D:9      | Noticed a manticore
  8302 | D:9      | Killed a manticore
  8602 | D:10     | Entered Level 10 of the Dungeon
  8646 | D:10     | Lost mutation: You have a pair of small horns on your head. [potion of mutation]
  8646 | D:10     | Lost mutation: You are surrounded by a mild repulsion field. (EV +2) [potion of mutation]
  8646 | D:10     | Gained mutation: You have sharp toenails. [potion of mutation]
  8646 | D:10     | Gained mutation: You are robust. (+10% HP) [potion of mutation]
  8646 | D:10     | Gained mutation: You occasionally shout uncontrollably at your foes. [potion of mutation]
  8646 | D:10     | Gained mutation: Your movements are slightly less encumbered by armour. (ER -2) [potion of mutation]
  8647 | D:10     | Lost mutation: You occasionally shout uncontrollably at your foes. [potion of mutation]
  8647 | D:10     | Gained mutation: Your spells are a little harder to cast, but a little more powerful. [potion of mutation]
  8816 | D:10     | Noticed a gargoyle
  8822 | D:10     | Killed a gargoyle
  9288 | D:11     | Noticed Maurice
  9292 | D:11     | Noticed Nergalle
  9295 | D:11     | Noticed a five-headed hydra
  9296 | D:11     | Killed Maurice
  9298 | D:11     | Noticed a spectral orc warlord
  9310 | D:11     | Killed Nergalle
  9310 | D:11     | Reached skill level 5 in Fighting
  9317 | D:11     | Killed a nine-headed hydra
  9317 | D:11     | Reached XP level 11. HP: 36/114 MP: 10/10
  9477 | D:11     | Reached skill level 15 in Unarmed Combat
  9668 | D:11     | Paralysed by a crimson imp for 7 turns
 10022 | D:11     | Received a gift from Trog
 10036 | D:11     | Found a staircase to the Lair.
 10311 | D:11     | Noticed a cyan ugly thing
 10315 | D:11     | Killed a cyan ugly thing
 10748 | D:12     | Received a gift from Trog
 11146 | D:12     | Found a staircase to the Orcish Mines.
 11164 | Orc:1    | Entered Level 1 of the Orcish Mines
 11314 | Orc:2    | Entered Level 2 of the Orcish Mines
 11341 | Orc:2    | Found an iron altar of Okawaru.
 11359 | Orc:2    | Reached XP level 12. HP: 110/134 MP: 11/11
 11651 | Orc:2    | Found a staircase to the Elven Halls.
 11780 | Orc:2    | Received a gift from Trog
 12278 | Orc:1    | Found a runed gate.
 12278 | Orc:1    | Found a runed gate.
 12278 | Orc:1    | Found a runed gate.
 12278 | Orc:1    | Noticed Osujuz's ghost (journeyman DECj)
 12279 | Orc:1    | Noticed Vuytyitt's ghost (journeyman GrFi)
 12294 | Orc:1    | Killed Osujuz's ghost
 12301 | Orc:1    | Killed Vuytyitt's ghost
 12581 | Orc:1    | Noticed an orc warlord
 12589 | Orc:1    | Killed an orc warlord
 12589 | Orc:1    | Reached skill level 16 in Unarmed Combat
 12783 | Orc:2    | Found a burning altar of Makhleb.
 12814 | Orc:2    | Reached skill level 10 in Fighting
 12872 | Orc:2    | Noticed an orc high priest
 12897 | Orc:2    | Killed an orc high priest
 12978 | Orc:2    | Demolished by an orc knight

Vault maps used:
D:1:      shiori_shiawase
D:2:      lemuel_crystal_altar, first_ration
D:3:      gup_sewer_entry_spiral, hangedman_decor_lopped
D:4:      grunt_tough_drop, uniq_pikel
D:5:      gammafunk_temple_overflow_forgotten, serial_shops, nicolae_shop_stone,
          xom_teletrap_fun
D:7:      minmay_temple_entry_poolview
D:11:     david_lair_generic, uniq_nergalle, uniq_maurice
D:12:     david_orc_4
Temple:   nicolae_temple_no_exploring_needed
Orc:1:    gammafunk_ghost_cemetery, nicolae_orc_rockfall, minmay_orc_barracks
Orc:2:    st_orc_pillars, basic_altar, okawaru_metal_pillars_3

Skill      XL: |  1  2  3  4  5  6  7  8  9 10 11 12 |
---------------+-------------------------------------+-----
Unarmed Combat | 4 5 6 7 8 11 13 14 15 16 | 16.2
Throwing       | 1 2 3 |  3.2
Stealth        | 1 |  1.3
Fighting       | 5 8 10 | 10.4
Dodging        | |  2.4
Evocations     | |  0.4

Action                   |  1- 3 |  4- 6 |  7- 9 | 10-12 || total
-------------------------+-------+-------+-------+-------++-------
Melee: Unarmed           |    86 |   124 |   201 |   513 ||   924
       Headbutt          |     4 |    14 |    31 |     9 ||    58
       Punch             |     1 |     3 |     7 |    27 ||    38
       Kick              |       |       |       |   130 ||   130
Throw: Stone             |    55 |    18 |   139 |   150 ||   362
Invok: Berserk           |     1 |     3 |     3 |     8 ||    15
       Trog's Hand       |       |     1 |       |     1 ||     2
       Brothers in Arms  |       |       |       |     4 ||     4
Evoke: Wand              |       |       |    48 |    20 ||    68
  Use: Scroll            |     5 |       |    13 |     4 ||    22
       Potion            |     2 |     1 |     7 |     8 ||    18
 Stab: Sleeping          |       |       |     1 |     1 ||     2
       Paralysed         |       |       |       |    10 ||    10
       Distracted        |       |       |       |     1 ||     1
  Eat: Chunk             |    17 |    18 |    36 |    72 ||   143
       Ration            |       |       |     3 |     1 ||     4
Armor: Animal skin       |    26 |    45 |    52 |   136 ||   259
       Skin              |       |       |       |    24 ||    24
Dodge: Dodged            |    34 |    65 |    85 |   209 ||   393

Table legend:
 A = Spawn XP
 B = Non-spawn XP
 C = Spawn XP percentage of total XP
 D = Spawn monster count
 E = Non-spawn monster count
 F = Spawn count percentage of total count
 G = Total turns spent on level
                    A         B        C        D         E        F      G
               +---------+---------+-------+---------+---------+-------+---------
         Total |       0 |   31531 |   0.0 |       0 |     434 |   0.0 | 12978
               +---------+---------+-------+---------+---------+-------+---------
           D:1 |       0 |      55 |   0.0 |       0 |      27 |   0.0 |   787
           D:2 |       0 |      43 |   0.0 |       0 |      21 |   0.0 |   530
           D:3 |       0 |     504 |   0.0 |       0 |      50 |   0.0 |  1552
           D:4 |       0 |    1020 |   0.0 |       0 |      11 |   0.0 |  1182
           D:5 |       0 |     674 |   0.0 |       0 |      19 |   0.0 |   752
           D:6 |       0 |     596 |   0.0 |       0 |      11 |   0.0 |  1052
           D:7 |       0 |     449 |   0.0 |       0 |      15 |   0.0 |   734
           D:8 |       0 |    1909 |   0.0 |       0 |      24 |   0.0 |  1027
           D:9 |       0 |    2511 |   0.0 |       0 |      16 |   0.0 |   984
          D:10 |       0 |    1632 |   0.0 |       0 |      23 |   0.0 |   606
          D:11 |       0 |    8231 |   0.0 |       0 |      53 |   0.0 |  1215
          D:12 |       0 |    3665 |   0.0 |       0 |      35 |   0.0 |   741
         Orc:1 |       0 |    5391 |   0.0 |       0 |      56 |   0.0 |   990
         Orc:2 |       0 |    4851 |   0.0 |       0 |      73 |   0.0 |   824
               +---------+---------+-------+---------+---------+-------+---------
